cohdb
Replays
Latest Replays
All Replays
Popular Replays
Top Player Replays
Match Explorer
How It Works
Community
CoH3 Stats
Reddit
Sign in to upload your games and track your stats! →
Sign in with Steam
Match 43206736
Unlisted
Match 43206736
Overview
Messages
Build Orders
End
Selects Italian Combined Arms Battlegroup
Selects Bersaglieri Squad
Bersaglieri Squad
Kradschützen Motorcycle Team
Bersaglieri Squad
Construct Light Support Kompanie
Bersaglieri Squad
2.5-tonne Medical Truck
Bersaglieri Squad
Fire Support Elements
Veteran Squad Leaders
Selects Bersaglieri Bolster
Panzerjäger Mechanized Group
Selects Breda Model 30 Light Machine Guns
Combat Half-tracks
Construct Panzerarmee Kommand
Walking Stuka Rocket Launcher
Pak 38 Mechanized Group
Selects Semovente da 75/18 Assault Gun
Selects Strafing Run
Panzer III L Medium Tank
Strafing Run
Tungsten Core Ammunition
Selects Artillery Cover
Panzer III L Medium Tank
Rapid Advance
Artillery Cover
Armored Reserves
Panzer IV Assault Group
Strafing Run
Panzer III L Medium Tank
DaRtH VaDeRX2020
MZMZ
BLACK.DRAGON
jerjawe
BUBBA_ACTUAL
湫
铁娃
BBQ
0
0
Comments
sign in to comment!
No comments posted yet!